AoeStats
← E-d-d-i-e91G

Oasis

509854089Analyzed
2v2 RM · 5d ago on Sep 28, 2026· 56m 46s· 4 players
Game mode
Random Map
Map size
Medium (4 player)
Population
200
Speed
Normal
Resources
Standard
Victory
Conquest
Starting age
Dark Age
Ending age
Imperial Age
RankedLock teamsTeams togetherTeam positionsShared explorationLock speedFull tech treeHidden civsTurbo modeCheats
Victory
Defeat
🇹🇷 Romans · Türkiye
627
+6
🇹🇷 Lithuanians · Türkiye
622
+7
🇦🇺 Bulgarians · Australia
388
-7
🇦🇺 Shu · Australia
385
-6
E-d-d-i-e91G
11:05 Feudal Age
12:52 Wheelbarrow
22:46 Castle Age
24:26 Horse Collar
26:36 Padded Archer Armor
27:53 Leather Archer Armor
29:39 Gold Mining
30:27 Fletching
34:18 Thumb Ring
33:39 Crossbowman
34:21 Bodkin Arrow
40:07 Double-Bit Axe
43:29 Imperial Age
45:39 Bracer
46:10 Ring Archer Armor
53:10 Arbalester
IAMASTROMAN9714
14:49 Feudal Age
15:30 Double-Bit Axe
17:58 Gold Mining
17:52 Horse Collar
19:11 Bloodlines
25:37 Scale Mail Armor
29:04 Forging
30:49 Arson
33:43 Wheelbarrow
35:17 Castle Age
33:56 Wheelbarrow
36:28 Chain Mail Armor
36:45 Elite Skirmisher
38:32 Gambesons
38:54 Husbandry
38:57 Squires
41:00 Iron Casting
40:26 Padded Archer Armor
41:21 Light Cavalry
46:47 Pikeman
LordofAvernus
0:42 Loom
12:18 Feudal Age
13:35 Wheelbarrow
12:49 Double-Bit Axe
14:48 Horse Collar
15:00 Stone Mining
16:40 Gold Mining
23:58 Castle Age
24:44 Heavy Plow
24:58 Bow Saw
25:14 Hand Cart
27:48 Husbandry
27:58 Bloodlines
31:13 Light Cavalry
37:40 Town Watch
42:02 Imperial Age
43:20 Winged Hussar
46:48 Caravan
47:08 Thumb Ring
48:16 Chemistry
46:58 Treadmill Crane
49:03 Conscription
54:05 Forging
54:00 Scale Barding Armor
53:58 Scale Mail Armor
55:18 Stone Shaft Mining
55:22 Iron Casting
LadyofAvernus
3:57 Loom
4:35 Loom
12:57 Feudal Age
14:14 Wheelbarrow
13:28 Double-Bit Axe
13:27 Horse Collar
16:53 Gold Mining
23:36 Castle Age
23:25 Scale Mail Armor
23:38 Forging
25:00 Hand Cart
24:58 Bow Saw
26:44 Man-at-Arms
27:26 Squires
30:29 Long Swordsman
31:39 Stone Mining
32:24 Gold Shaft Mining
33:40 Crossbowman
38:44 Imperial Age
38:03 Ballistics
37:58 Fortified Wall
41:58 Chemistry
41:27 Conscription
41:15 Ballistas
42:57 Guilds
42:48 Caravan
43:45 Comitatenses
43:17 Heavy Scorpion
43:55 Pikeman
43:56 Legionary
45:36 Fletching
45:51 Scale Barding Armor
46:23 Halberdier
50:04 Elite Centurion
54:05 Bodkin Arrow
54:26 Chain Mail Armor
54:47 Iron Casting
54:33 Chain Barding Armor
54:13 Padded Archer Armor
Connection lost

Rejoining the realm…

Still unreachable

The connection could not be restored.

Session expired

The server has moved on; the page needs a fresh start.